 Dungeon Crawl Stone Soup version 0.32-a0-814-g0968bab981 (webtiles) character file.

Game seed: 14780430515322715616

998 snetch the Chopper (level 8, -5/70 HPs)
             Began as a Minotaur Berserker on Mar 22, 2024.
             Was an Elder of Trog.
             Slain by an ogre
             ... wielding a +0 giant club
              (25 damage)
             ... on level 5 of the Dungeon.
             The game lasted 00:10:48 (3581 turns).

snetch the Chopper (Minotaur Berserker)             Turns: 3581, Time: 00:10:48

Health: -5/70      AC:  6    Str: 24    XL:     8   Next: 0%
Magic:  7/7        EV: 11    Int:  4    God:    Trog [****..]
Gold:   271        SH:  0    Dex: 10    Spells: 7/7 levels left

rFire   . . .        w - +3 quarterstaff (chaos)
rCold   . . .        (shield currently unavailable)
rNeg    . . .        z - +2 robe
rPois   .            (helmet restricted)
rElec   .            v - +0 cloak
rCorr   .            (no gloves)
SInv    .            u - +0 pair of boots
Will    .....        j - amulet of faith
Stlth   +            (no ring)
HPRegen 0.31/turn    (no ring)
MPRegen 0.10/turn

%: faith
@: no status effects
A: horns 2, retaliatory headbutt
a: Renounce Religion, Berserk, Trog's Hand, Brothers in Arms


You were on level 5 of the Dungeon.
You worshipped Trog.
Trog was greatly pleased with you.
You visited 1 branch of the dungeon, and saw 5 of its levels.

You collected 271 gold pieces.

Inventory:

Hand Weapons
 a - a +0 hand axe
 w - a +3 quarterstaff of chaos (weapon)
Missiles
 d - 4 poisoned darts (quivered)
 h - 45 stones
 o - 11 boomerangs
 r - a throwing net
Armour
 e - a +0 chain mail
 u - a +0 pair of boots (worn)
 v - a +0 cloak (worn)
 z - a +2 robe (worn)
Jewellery
 j - an amulet of faith (around neck)
 t - a ring of ice
Wands
 f - a wand of iceblast (8)
 q - a wand of flame (15)
Scrolls
 l - 4 scrolls of teleportation {unknown}
 m - 2 scrolls of enchant weapon {unknown}
 n - a scroll of vulnerability {unknown}
 p - 3 scrolls of identify {unknown}
 x - 2 scrolls of fog {unknown}
 y - a scroll of blinking {unknown}
 A - 2 scrolls of poison {unknown}
Potions
 b - a potion of mutation {unknown}
 c - a potion of attraction {unknown}
 g - a potion of heal wounds {unknown}
 i - a potion of resistance {unknown}
 k - 2 potions of lignification {unknown}
 s - 2 potions of brilliance {unknown}


   Skills:
 + Level 6.2 Fighting
 + Level 6.5 Axes
 + Level 3.6 Staves
 + Level 3.2 Throwing
 + Level 5.1 Armour
 + Level 3.1 Dodging
 + Level 1.1 Stealth
 + Level 0.5 Evocations


You had 7 spell levels left.
You didn't know any spells.
Your spell library contained the following spells:

 Spells                   Type           Power      Damage    Failure   Level
 Dazzling Flash           Conj/Hex       0%         N/A       86%         3
 Gell's Gravitas          Tloc           0%         N/A       86%         3
 Mephitic Cloud           Conj/Alch/Air  0%         N/A       86%         3
 Teleport Other           Tloc           0%         N/A       86%         3
 Curse of Agony           Necr           0%         N/A       100%        5
 Silence                  Hex/Air        0%         N/A       100%        5
 Dispersal                Tloc           0%         N/A       100%        6


Dungeon Overview and Level Annotations

Branches:
Dungeon (5/15)
 Temple: D:4-7

Altars:


Innate Abilities, Weirdness & Mutations

You have a pair of horns on your head.
You reflexively headbutt those who attack you in melee.


Message History

Your Staves skill increases to level 3!
No target in view!
Things that are here:
a +0 club; a +0 halberd
Things that are here:
a +0 spear; an iguana corpse; a gnoll corpse You see here an adder corpse.
You see here an adder corpse.
Things that are here:
a +0 spear; an iguana corpse; a gnoll corpse
Things that are here:
a +0 club; a +0 halberd The sentinel's mark upon you fades away.
An ogre comes into view. It is wielding a +0 giant club.
The ogre hits you with a +0 giant club!!
You hit the ogre. You headbutt the ogre!
The ogre is heavily wounded.
You hit the ogre.
The ogre blinks!
The ogre is severely wounded.
An orc comes into view. It is wielding a +0 flail.
You thump the ogre! You freeze the ogre.
You kill the ogre!
Trog accepts your kill. The orc barely misses you.
You closely miss the orc. You headbutt the orc!
You kill the orc!
Trog accepts your kill.
You have reached level 8!
You feel stronger.
A hound and an ogre come into view.
The hound barks!
The ogre shouts!
The ogre misses you. You furiously retaliate!
You headbutt the ogre.
Things that are here:
a +0 flail; a +0 leather armour You hit the ogre.
You freeze the ogre.
The ogre is moderately wounded.
The ogre hits you with a +0 giant club!
* * * LOW HITPOINT WARNING * * *
The ogre hits you with a +0 giant club!!
You die...

### #...........##.. ..#
#...........# ..# #...........#
..# ###)........# ..# #.........#
..# #.........#
..#####.#'######################.
.....##.#.# #..)..))†.........
.###.##.#†# #@###########..##.
.###....#.# #.Oh.....# #..#
..........#############.# #....
##########............#.# #.####
#.##########.#.# #.. #####.#
#...# ### #<....# ##### #######


You could see an ogre and a hound.

Vanquished Creatures
  Sigmund (D:3)
  2 ogres
  A phantom (D:4)
  2 scorpions (D:5)
  A bombardier beetle (D:4)
  Crazy Yiuf (D:3)
  Ijyb (D:4)
  2 iguanas
  Jessica (D:2)
  Terence (D:2)
  An orc wizard (D:4)
  11 gnolls
  4 adders
  6 river rats (D:4)
  4 ribbon worms
  2 dart slugs
  4 orcs
  9 endoplasms
  5 giant cockroaches
  4 goblins
  4 hobgoblins
  4 jackals (D:4)
  5 kobolds
  2 quokkas
  2 ball pythons
  3 bats (D:1)
  2 frilled lizards
  22 rats
107 creatures vanquished.

Notes
Turn   | Place    | Note
-------+----------+-------------------------------------------
     0 | D:1      | snetch the Minotaur Berserker began the quest for the Orb.
     0 | D:1      | Reached XP level 1. HP: 19/19 MP: 0/0
   213 | D:1      | Reached XP level 2. HP: 27/27 MP: 1/1
   327 | D:2      | Reached XP level 3. HP: 16/34 MP: 2/2
   792 | D:1      | Reached ** piety under Trog
   952 | D:2      | Reached XP level 4. HP: 40/41 MP: 3/3
  1154 | D:2      | Reached skill level 5 in Axes
  1382 | D:2      | Noticed Terence
  1390 | D:2      | Killed Terence
  1391 | D:2      | Reached skill level 5 in Fighting
  1391 | D:2      | Reached XP level 5. HP: 45/48 MP: 4/4
  1646 | D:3      | Noticed Sigmund
  1660 | D:3      | Killed Sigmund
  1661 | D:3      | Reached skill level 1 in Throwing
  1661 | D:3      | Reached XP level 6. HP: 32/56 MP: 5/5
  1805 | D:2      | Noticed Jessica
  1821 | D:2      | Killed Jessica
  2036 | D:3      | Found a faded altar of an unknown god.
  2249 | D:3      | Found a runed translucent door.
  2250 | D:3      | Noticed Crazy Yiuf
  2258 | D:3      | Killed Crazy Yiuf
  2381 | D:5      | Entered Level 5 of the Dungeon
  2422 | D:4      | Reached XP level 7. HP: 61/61 MP: 6/6
  2748 | D:4      | Reached *** piety under Trog
  2985 | D:4      | Noticed Ijyb
  2993 | D:4      | Killed Ijyb
  2998 | D:4      | Reached skill level 5 in Armour
  3270 | D:4      | Reached skill level 1 in Staves
  3469 | D:5      | Reached skill level 1 in Stealth
  3470 | D:5      | Reached **** piety under Trog
  3578 | D:5      | Reached XP level 8. HP: 28/70 MP: 7/7
  3581 | D:5      | Slain by an ogre

Illustrated notes

Levels and vault maps discovered:
D:1:      lightli_arrival_isolated_outpost, layout_loops_ring
D:2:      layout_loops_cross, uniq_jessica, uniq_terence
D:3:      layout_rooms, chequers_ecumenical_altar_simple_redux,
          uniq_crazy_yiuf_cottage, uniq_sigmund
D:4:      layout_loops_ring, dk_rats_in_the_wall, uniq_ijyb
D:5:      layout_basic

Skill      XL: |  1  2  3  4  5  6  7 |
---------------+----------------------+-----
Fighting       | 4 5 6 |  6.2
Axes           | 4 5 6 |  6.5
Armour         | 3 4 5 |  5.1
Throwing       | 1 2 3 |  3.2
Dodging        | 3 |  3.1
Staves         | 3 |  3.6
Stealth        | 1 |  1.1
Evocations     | |  0.5

Action                     |  1- 3 |  4- 6 |  7- 9 || total
---------------------------+-------+-------+-------++-------
  Melee: Hand axe          |    59 |    86 |       ||   145
         Headbutt          |     9 |    13 |    19 ||    41
         Quarterstaff      |       |     4 |    81 ||    85
  Throw: Dart              |       |    28 |     4 ||    32
         Stone             |       |    10 |       ||    10
 Invoke: Berserk           |     1 |     3 |       ||     4
         Trog's Hand       |       |     1 |       ||     1
  Evoke: Wand              |       |       |     5 ||     5
   Stab: Sleeping          |       |     1 |       ||     1
 Armour: Ring mail         |    20 |       |       ||    20
         Chain mail        |    29 |    63 |       ||    92
         Robe              |       |     2 |    59 ||    61
  Dodge: Dodged            |    20 |    28 |    34 ||    82

Table legend: (Time is in decaauts)
 A = Elapsed time spent in this place.
 B = Non-inter-level travel time spent in this place.
 C = Inter-level travel time spent in this place.
 D = Time resting spent in this place.
 E = Time spent auto-exploring this place.
 F = Levels seen in this place.
 G = Mean time per level.
                   A        B        C        D        E       F      G
               +--------+--------+--------+--------+--------+-----+--------+
         Total |   3661 |   3533 |    128 |      0 |   2282 |   5 |  732.2 |
       Dungeon |   3661 |   3533 |    128 |      0 |   2282 |   5 |  732.2 |
               +--------+--------+--------+--------+--------+-----+--------+

Top non-repeatable levels by time:
     D:2: 1078 daAuts
     D:1: 901 daAuts
     D:4: 788 daAuts
     D:3: 616 daAuts
     D:5: 277 daAuts
